 Dungeon Crawl Stone Soup version 0.30.0-10-gfe55d96785 (webtiles) character file.

Game seed: 1530630676973724881

116 cheesebisquit the Firebug (level 4, -1/36 HPs)
             Began as a Draconian Fire Elementalist on May 14, 2023.
             Slain by a black bear (3 damage)
             ... on level 3 of the Dungeon.
             The game lasted 00:09:44 (2970 turns).

cheesebisquit the Firebug (DrFE)                    Turns: 2970, Time: 00:09:44

Health: -1/36      AC:  5    Str: 10    XL:     4   Next: 70%
Magic:  4/8        EV: 12    Int: 17    God:
Gold:   74         SH:  0    Dex: 12    Spells: 7/8 levels left

rFire   . . .        v - +0 short sword (venom)
rCold   . . .        (no shield)
rNeg    . . .        (body armour unavailable)
rPois   +            (helmet restricted)
rElec   .            (no cloak)
rCorr   .            (no gloves)
SInv    +            (no boots)
Will    .....        (no amulet)
Stlth   +            l - ring of see invisible
HPRegen 0.26/turn    m - ring of poison resistance
MPRegen 0.11/turn

%: no passive effects
@: brilliant, silenced
A: AC +5, unfitting armour, cold-blooded
a: no special abilities


You were on level 3 of the Dungeon.
You visited 1 branch of the dungeon, and saw 4 of its levels.

You collected 146 gold pieces.
You spent 72 gold pieces at shops.

Inventory:

Hand Weapons
 d - a +0 dagger
 v - a +0 short sword of venom (weapon)
Missiles
 t - 4 poisoned darts
 x - 5 curare-tipped darts
Armour
 f - a +0 kite shield
Jewellery
 k - an amulet of faith
 l - a ring of see invisible (left hand)
 m - a ring of poison resistance (right hand)
Scrolls
 b - 2 scrolls of teleportation {unknown}
 e - 3 scrolls of silence
 h - 2 scrolls of enchant armour {unknown}
 i - 2 scrolls of magic mapping {unknown}
 j - 3 scrolls of identify {unknown}
 p - a scroll of amnesia {unknown}
 r - a scroll of blinking {unknown}
 s - 2 scrolls of fog {unknown}
 w - a scroll of noise {unknown}
Potions
 a - 2 potions of magic
 c - a potion of brilliance
 g - a potion of haste {unknown}
 n - 2 potions of heal wounds {unknown}
 q - 2 potions of mutation {unknown}
 u - a potion of attraction {unknown}


   Skills:
 + Level 1.9 Fighting
 + Level 2.6 Dodging
 + Level 2.8 Stealth
 + Level 2.8 Spellcasting
 - Level 1.2 Conjurations
 - Level 3.1 Fire Magic


You had 7 spell levels left.
You knew the following spells:

 Your Spells              Type           Power      Damage    Failure   Level
a - Foxfire               Conj/Fire      56%        2x1d6     8%          1

Your spell library contained the following spells:

 Spells                   Type           Power      Damage    Failure   Level
 Scorch                   Fire           38%        2d6       8%          2
 Inner Flame              Hex/Fire       11%        N/A       28%         3
 Volatile Blastmotes      Fire/Tloc      22%        2d11      28%         3
 Flame Wave               Conj/Fire      14%        2d6       58%         4


Dungeon Overview and Level Annotations

Branches:
Dungeon (4/15)
 Temple: D:4-7

Altars:
Gozag

Shops:
D:2 :(!*


Innate Abilities, Weirdness & Mutations

Your plain brown scales are hard. (AC +5)
You cannot fit into any form of body armour.
You are cold-blooded and may be slowed by cold attacks.


Message History

The black bear closely misses you. x2
There is a stone staircase leading up here.
The black bear bites you.
* * * LOW HITPOINT WARNING * * *
The black bear claws you.
* * * LOW HITPOINT WARNING * * *
The black bear claws you but does no damage.
You climb upwards.
There is a stone staircase leading down here.
You feel better. The black bear bites you.
* * * LOW HITPOINT WARNING * * *
The black bear closely misses you. x2; The black bear barely misses you.
The black bear closely misses you.
The black bear claws you but does no damage.
You feel better.
The black bear bites you but does no damage.
The black bear claws you.
* * * LOW HITPOINT WARNING * * *
The black bear closely misses you.
You feel better. The black bear completely misses you.
The black bear claws you but does no damage.
The black bear closely misses you. The black bear bites you!
* * * LOW HITPOINT WARNING * * *
The black bear claws you.
* * * LOW HITPOINT WARNING * * *
The black bear claws you.
* * * LOW HITPOINT WARNING * * *
Your magical contamination has completely faded away.
As you read the scroll labelled JAENOZ NILA, it crumbles to dust.
A profound silence engulfs you.
It was a scroll of silence.
The black bear looks more healthy.
The black bear closely misses you. The black bear barely misses you.
The black bear closely misses you. The black bear bites you.
* * * LOW HITPOINT WARNING * * *
The black bear barely misses you. The black bear claws you.
* * * LOW HITPOINT WARNING * * *
It was a potion of brilliance.
You feel clever all of a sudden. The black bear closely misses you.
The black bear claws you.
You die...

##.....##
#######.......#
#.....#.......#
#.....#.......#
#<....##.....#######
#.....##............
#.....#.......##....
#.............##....
#..@h.........##....
#...>...............
#.....#.#...####....
####......### #....
#####..### #....
###....## #....
#.......###....
#.)............
#..............


You could see a black bear (berserk, unsilenced).

Vanquished Creatures
  2 adders
  An ufetubus (D:4)
  2 dart slugs
  An orc (D:2)
  6 bats
  10 endoplasms
  2 giant cockroaches
  7 goblins
  6 hobgoblins
  5 jackals (D:1)
  4 quokkas
  11 ball pythons
  10 frilled lizards
  8 kobolds
  8 rats
83 creatures vanquished.

Vanquished Creatures (others)
  207 foxfires
207 creatures vanquished.

Grand Total: 290 creatures vanquished

Notes
Turn   | Place    | Note
-------+----------+-------------------------------------------
     0 | D:1      | cheesebisquit the Draconian Fire Elementalist began the
                  | quest for the Orb.
     0 | D:1      | Reached XP level 1. HP: 14/14 MP: 3/3
   176 | D:1      | You fall into a shaft and drop 1 floor!
   176 | D:2      | Found Nepteuto's Assorted Antiques.
   207 | D:1      | Reached XP level 2. HP: 20/20 MP: 3/5
   826 | D:1      | Reached XP level 3. HP: 26/27 MP: 0/6
   941 | D:1      | Reached skill level 1 in Fighting
  1567 | D:2      | Found Xiaguss's Antique Weapon Emporium.
  1722 | D:2      | Reached XP level 4. HP: 35/35 MP: 5/7
  1866 | D:2      | Found Zorchuesi's Book Emporium.
  2122 | D:2      | Found Ygekhokk's Distillery.
  2125 | D:2      | Bought a potion of curing for 36 gold pieces
  2125 | D:2      | Bought a potion of curing for 36 gold pieces
  2914 | D:4      | Found an opulent altar of Gozag.
  2949 | D:4      | Noticed a black bear
  2969 | D:3      | HP: 1/36 [black bear (2)]
  2970 | D:3      | Slain by a black bear

Illustrated notes

Levels and vault maps discovered:
D:1:      psy_arrival_basics, layout_basic, minmay_tetromino_s2
D:2:      layout_rooms, serial_shops, shop, shop, shop,
          nicolae_shop_behind_doors
D:3:      layout_rooms, minmay_quantized
D:4:      layout_loops_ring, nicolae_overflow_crystal_walls,
          mainiacjoe_overflow_catwalk, fedhas_altar_4, lemuel_temple_firewalk_b,
          minmay_between, uniq_sigmund, uniq_robin

Skill      XL: |  1  2  3 |
---------------+----------+-----
Stealth        | 2 |  2.8
Dodging        | 2 |  2.6
Fighting       | 1 |  1.9
Spellcasting   | |  2.8
Conjurations   | |  1.2
Fire Magic     | |  3.1

Action                     |  1- 3 |  4- 6 || total
---------------------------+-------+-------++-------
  Melee: Dagger            |    18 |     8 ||    26
         Tailslap          |     3 |     1 ||     4
         Unarmed           |     1 |       ||     1
         Short sword       |       |     8 ||     8
   Cast: Foxfire           |    67 |    52 ||   119
    Use: Potion            |       |     4 ||     4
         Scroll            |       |     1 ||     1
 Armour: Skin              |    11 |    15 ||    26
  Dodge: Dodged            |    22 |    40 ||    62
